 Dungeon Crawl Stone Soup version 0.28-a0-1493-g08698888e4 (webtiles) character file.

Game seed: 11165435517338984759

176 parzival7114810 the Covered (level 5, -2/46 HPs)
             Began as a Hill Orc Fighter on Jan 12, 2022.
             Succumbed to a scorpion's poison
             ... on level 4 of the Dungeon.
             The game lasted 00:10:29 (5103 turns).

parzival7114810 the Covered (Hill Orc Fighter)      Turns: 5103, Time: 00:10:30

Health: -2/46      AC:  7    Str: 21    XL:     5   Next: 56%
Magic:  5/5        EV:  9    Int:  8    God:
Gold:   170        SH:  4    Dex: 10    Spells: 4/4 levels left

rFire   . . .      SeeInvis .   a - +0 war axe
rCold   . . .      Faith    .   c - +0 buckler
rNeg    + . .      Spirit   .   b - +0 scale mail
rPois   .          Reflect  .   (no helmet)
rElec   .          Harm     .   (no cloak)
rCorr   .          Rampage  .   (no gloves)
Will    .....                   (no boots)
Stlth   ..........              (no amulet)
HPRegen 0.95/turn               e - ring of positive energy
MPRegen 0.09/turn               (no ring)

@: mighty, lethally poisoned (-2 -> -12)
A: sense surroundings 1, regeneration 1, wild magic 1
a: no special abilities


You were on level 4 of the Dungeon.
You visited 1 branch of the dungeon, and saw 4 of its levels.

You collected 170 gold pieces.

Inventory:

Hand Weapons
 a - a +0 war axe (weapon)
Armour
 b - a +0 scale mail (worn)
 c - a +0 buckler (worn)
 i - a +0 leather armour
Jewellery
 e - a ring of positive energy (left hand)
Potions
 h - a potion of cancellation {unknown}


   Skills:
 + Level 4.1 Fighting
 + Level 4.5 Axes
 + Level 4.8 Armour
 + Level 1.2 Dodging
 + Level 0.1 Stealth
 + Level 3.6 Shields


You had 4 spell levels left.
You didn't know any spells.
Your spell library contained the following spells:

 Spells                   Type           Power      Damage    Failure   Level
 Static Discharge         Conj/Air       0%         N/A       95%         2
 Conjure Flame            Conj/Fire      0%         6-21      99%         3
 Ignite Poison            Fire/Tmut/Pois 0%         N/A       99%         3
 Dispel Undead            Necr           0%         3d6       100%        4
 Sticky Flame             Conj/Fire      0%         2d3       100%        4


Dungeon Overview and Level Annotations

Branches:
Dungeon (4/15)             Temple (0/1) D:4

Altars:
Elyvilon
Trog
Wu Jian

Shops:
D:2 [


Innate Abilities, Weirdness & Mutations

You passively map a small area around you.
Your natural rate of healing is unusually fast.
Your spells are a little harder to cast, but a little more powerful.


Message History

You feel very sick.
The scorpion stings you but does no damage.
The scorpion stings you.
You are more poisoned.
The scorpion poisons you!
You hit the scorpion.
The scorpion is lightly wounded.
You feel very sick. The scorpion stings you.
You slash the scorpion!
The scorpion is heavily wounded.
You feel very sick. You block the scorpion's attack. The scorpion stings you.
You are more poisoned.
The scorpion poisons you!
You closely miss the scorpion.
The scorpion is heavily wounded.
You feel extremely sick. The scorpion stings you.
The scorpion stings you but does no damage.
You barely miss the scorpion.
The scorpion is heavily wounded.
You feel very sick. The scorpion closely misses you.
You hit the scorpion.
The scorpion is severely wounded.
You feel very sick. The scorpion stings you.
* * * LOW HITPOINT WARNING * * *
The scorpion stings you.
* * * LOW HITPOINT WARNING * * *
You are lethally poisoned!
The scorpion poisons you!
As you read the scroll of fog, it crumbles to dust.
The scroll dissolves into smoke.
* * * LOW HITPOINT WARNING * * *
You feel very sick.
The scorpion stings you but does no damage.
You feel very mighty all of a sudden.
You die...

*,,,,...........#.# ####.....###
*****#######.####.##########..###
*,,,* #...............÷....(
*,,,* ####...###########.###
*,,,* #..........# #.# *,,,*
##..........# #.## *,,,*
#.§§§§......# #..# *,,,*
#.§.§§§§....#### #..##
**,,,###...§@s§[......###...#
*,,,,+.#..§§§§§#####..'...#.#
*,,,,#>##.§§§§##PPP##.#####.#
*,,,,#........#P...P#.# #.#
*,,,,###......#P.>..'.# #..
**,,,#.#......#P...P#.# ###
*,,,#<.......##PPP##)######.
*****+####......#####.....##.)
*,,,,,,,,....#### #####.##..


You could see a scorpion.

Vanquished Creatures
  A water moccasin skeleton (D:4)
  Terence (D:3)
  A hound skeleton (D:4)
  2 adders
  A howler monkey skeleton (D:4)
  3 worms
  A dart slug (D:4)
  7 bats
  5 endoplasms
  A giant cockroach (D:4)
  3 goblins
  6 hobgoblins
  2 quokkas
  7 ball pythons
  6 frilled lizards
  6 kobolds
  4 rats
57 creatures vanquished.

Vanquished Creatures (others)
  2 plants (D:1)
2 creatures vanquished.

Grand Total: 59 creatures vanquished

Notes
Turn   | Place    | Note
-------+----------+-------------------------------------------
     0 | D:1      | parzival7114810 the Hill Orc Fighter began the quest for
                  | the Orb.
     0 | D:1      | Reached XP level 1. HP: 19/19 MP: 1/1
   427 | D:1      | Reached XP level 2. HP: 12/27 MP: 2/2
  1200 | D:1      | You fall into a shaft and drop 1 floor!
  1227 | D:2      | Gained mutation: Your natural rate of healing is unusually
                  | fast. [potion of mutation]
  1227 | D:2      | Gained mutation: Your spells are a little harder to cast,
                  | but a little more powerful. [potion of mutation]
  1227 | D:2      | Gained mutation: You passively map a small area around you.
                  | [potion of mutation]
  1357 | D:2      | Reached XP level 3. HP: 33/33 MP: 3/3
  1394 | D:2      | Found Cuetrah's Armour Shop.
  1541 | D:2      | Found a faded altar of an unknown god.
  2429 | D:3      | Found a bloodstained altar of Trog.
  2430 | D:3      | Found a white marble altar of Elyvilon.
  2534 | D:3      | Reached XP level 4. HP: 40/40 MP: 4/4
  2640 | D:3      | Noticed Terence
  2654 | D:3      | Killed Terence
  2655 | D:3      | Reached skill level 1 in Dodging
  3179 | D:3      | Found an ornate altar of the Wu Jian Council.
  3186 | D:3      | Noticed a spectral centipede
  3186 | D:3      | Noticed a spectral black mamba
  3186 | D:3      | Noticed a spectral cane toad
  3724 | D:4      | Found Yrov Yta's Weapon Shop.
  3791 | D:4      | Reached XP level 5. HP: 46/46 MP: 5/5
  4088 | D:4      | Found a staircase to the Ecumenical Temple.
  5102 | D:4      | HP: 1/46 [poisoned by a scorpion]
  5103 | D:4      | Succumbed to a scorpion's poison

Illustrated notes

Levels and vault maps discovered:
D:1:      kennysheep_arrival_seaside, layout_loops_corners, minmay_3d_cube
D:2:      layout_loops_corners, nicolae_ecumenical_oubliette, serial_shops,
          nicolae_shop_competitors_out_of_business, minmay_bisected
D:3:      layout_loops_ring, grunt_temple_overflow_open,
          pdpol_wu_jian_five_deadly_venoms, uniq_terence
D:4:      layout_basic, minmay_temple_entry_enclosed_plants, serial_shops,
          nicolae_shop_bloodbath_and_beyond

Skill      XL: |  1  2  3  4 |
---------------+-------------+-----
Axes           | 3 4 |  4.5
Armour         | 4 |  4.8
Fighting       | 4 |  4.1
Dodging        | 1 |  1.2
Stealth        | |  0.1
Shields        | |  3.6

Action                   |  1- 3 |  4- 6 || total
-------------------------+-------+-------++-------
Melee: War axe           |   124 |    78 ||   202
  Use: Scroll            |     3 |     5 ||     8
       Potion            |     3 |     4 ||     7
Armor: Scale mail        |    81 |    52 ||   133
Dodge: Dodged            |    75 |    36 ||   111
Block: Buckler           |    34 |    21 ||    55

Table legend: (Time is in decaauts)
 A = Elapsed time spent in this place.
 B = Non-inter-level travel time spent in this place.
 C = Inter-level travel time spent in this place.
 D = Time resting spent in this place.
 E = Time spent auto-exploring this place.
 F = Levels seen in this place.
 G = Mean time per level.
                   A        B        C        D        E       F      G
               +--------+--------+--------+--------+--------+-----+--------+
         Total |   5176 |   5058 |    118 |   2006 |   2070 |   4 | 1294.0 |
       Dungeon |   5176 |   5058 |    118 |   2006 |   2070 |   4 | 1294.0 |
               +--------+--------+--------+--------+--------+-----+--------+

Top non-repeatable levels by time:
     D:4: 1433 daAuts
     D:3: 1271 daAuts
     D:2: 1244 daAuts
     D:1: 1226 daAuts
